 Dungeon Crawl Stone Soup version 0.29.1-15-g9cfb28693d (webtiles) character file.

Game seed: 9326424597067645069

3328 LLlMATKO the Cleaver (level 9, -21/83 HPs)
             Began as a Minotaur Berserker on May 1, 2023.
             Was an Elder of Trog.
             Demolished by Erica
             ... wielding a +3 scimitar of flaming
              (29 damage)
             ... on level 8 of the Dungeon.
             The game lasted 00:05:51 (7522 turns).

LLlMATKO the Cleaver (Minotaur Berserker)           Turns: 7522, Time: 00:05:51

Health: -21/83     AC: 17    Str: 24    XL:     9   Next: 71%
Magic:  8/8        EV: 11    Int:  4    God:    Trog [****..]
Gold:   366        SH:  5    Dex: 12    Spells: 8/8 levels left

rFire   . . .      SeeInvis .   m - +0 war axe
rCold   + . .      Faith    .   (no shield)
rNeg    . . .      Spirit   .   B - +1 chain mail {rPois}
rPois   +          Reflect  +   (helmet restricted)
rElec   .          Harm     .   (no cloak)
rCorr   .          Rampage  .   r - +0 pair of gloves
Will    .....                   (no boots)
Stlth   ..........              y - amulet of reflection
HPRegen 0.23/turn               p - +4 ring of protection
MPRegen 0.11/turn               F - ring of protection from cold

@: on berserk cooldown, slowed, very slow
A: horns 2, retaliatory headbutt
a: Renounce Religion, Berserk, Trog's Hand, Brothers in Arms


You were on level 8 of the Dungeon.
You worshipped Trog.
Trog was greatly pleased with you.
You visited 1 branch of the dungeon, and saw 8 of its levels.

You collected 366 gold pieces.

Inventory:

Hand Weapons
 m - a +0 war axe (weapon)
 E - a +0 whip of freezing
Missiles
 c - 22 poisoned darts (quivered)
 A - a boomerang
Armour
 r - a +0 pair of gloves (worn)
 B - a +1 chain mail of poison resistance (worn)
Jewellery
 p - a +4 ring of protection (left hand)
 y - an amulet of reflection (around neck)
 F - a ring of protection from cold (right hand)
Wands
 h - a wand of light (6)
 z - a wand of iceblast (14)
 D - a wand of flame (29)
 H - a wand of charming (3)
Scrolls
 b - a scroll of blinking {unknown}
 d - 8 scrolls of teleportation {unknown}
 e - a scroll of fear {unknown}
 f - 2 scrolls of amnesia {unknown}
 g - 2 scrolls of immolation {unknown}
 k - 7 scrolls of identify {unknown}
 n - a scroll of silence {unknown}
 o - a scroll of noise {unknown}
 t - a scroll of fog {unknown}
 u - 3 scrolls of vulnerability {unknown}
 w - a scroll of summoning {unknown}
 x - a scroll of torment {unknown}
 G - a scroll of enchant armour {unknown}
 I - a scroll of enchant weapon {unknown}
Potions
 a - a potion of flight {unknown}
 i - 4 potions of attraction {unknown}
 j - a potion of magic {unknown}
 l - a potion of curing {unknown}
 q - 3 potions of brilliance {unknown}
 s - 2 potions of heal wounds {unknown}
 v - 2 potions of might {unknown}
 C - a potion of mutation {unknown}


   Skills:
 + Level 9.0 Fighting
 + Level 9.0 Axes
 + Level 8.7 Armour
 + Level 7.9 Dodging


You had 8 spell levels left.
You didn't know any spells.
Your spell library was empty.

Dungeon Overview and Level Annotations

Branches:
Dungeon (8/15)             Temple (0/1) D:4
   Lair: D:8-11

Altars:
Dithmenos
Gozag
Okawaru
Qazlal
Sif Muna
Wu Jian
Xom
Yredelemnul

Shops:
D:3 (

Annotations:
D:8 Erica


Innate Abilities, Weirdness & Mutations

You have a pair of horns on your head.
You reflexively headbutt those who attack you in melee.


Message History

You closely miss something.
You feel sick.
You slice something!! You headbutt something.
You feel sick. Something hits you!! Something burns you.
You completely miss something.
You feel sick.
You hear some strange, mumbled words.
A lance of force appears from out of thin air!
The lance of force hits you.
You are knocked back by the lance of force.
You slam into the rock wall!
You feel sick.
You hear some strange, mumbled words.
You are confused.
You barely miss something.
You feel sick.
You slash something!
You feel sick. Something hits you but does no damage.
You bump into the rock wall.
You feel sick. Something hits you! Something burns you.
You're too confused to move!
You feel a strong urge to attack something.
You feel sick.
You completely miss something.
You feel sick. Something completely misses you.
You bump into the rock wall.
You are no longer berserk.
You are exhausted.
You feel yourself slow down.
You closely miss something.
You feel less confused.
You feel sick.
You are no longer poisoned.
Something hits you. Something burns you. Something hits you.
* * * LOW HITPOINT WARNING * * *
Something burns you.
* * * LOW HITPOINT WARNING * * *
You hit something but do no damage. Your headbutt misses something.
Something hits you but does no damage. Something hits you!
* * * LOW HITPOINT WARNING * * *
Something burns you.
* * * LOW HITPOINT WARNING * * *
Unknown command.
You hit something. Your headbutt misses something. Something hits you!!
You die...

..#.........#
####...##...# ..
..##...##...# ...
..#.....#...###'##
..#.....#...#....#
..#.....')).#....#
..#.....#))(#....#
..#.....#...#....#
..#+##.##...##..@# ..{
.†...#.##...##.{.# ....
.....#......##'###.....
.....#......#..........
.....#......'..........
.....########..........
..................#####
..................#
..................#


There were no monsters in sight!

Vanquished Creatures
  Pikel (D:6)
  Sigmund (D:3)
  2 wyverns (D:8)
  A steam dragon (D:8)
  Duvessa (D:4)
  2 ice beasts
  An orc warrior (D:8)
  2 centaurs
  4 phantoms
  A bullfrog (D:7)
  3 necrophages
  Dowan (D:4)
  8 howler monkeys
  4 hounds
  2 gnoll boudas (D:7)
  3 orc priests (D:8)
  A jelly (D:6)
  Jessica (D:3)
  2 iguanas
  6 orc wizards
  10 gnolls (D:7)
  11 adders
  A shadow imp (D:6)
  2 white imps
  2 ufetubi
  3 worms
  3 dart slugs
  25 orcs
  6 bats
  9 endoplasms
  6 giant cockroaches
  4 goblins
  4 hobgoblins
  5 quokkas
  9 ball pythons
  4 frilled lizards
  9 kobolds
  9 rats
  A butterfly (D:4)
170 creatures vanquished.

Vanquished Creatures (others)
  2 fungi (D:8)
  A plant (D:8)
3 creatures vanquished.

Grand Total: 173 creatures vanquished

Notes
Turn   | Place    | Note
-------+----------+-------------------------------------------
     0 | D:1      | LLlMATKO the Minotaur Berserker began the quest for the
                  | Orb.
     0 | D:1      | Reached XP level 1. HP: 19/19 MP: 0/0
   113 | D:1      | Found a faded altar of an unknown god.
   218 | D:1      | Reached XP level 2. HP: 27/27 MP: 1/1
  1092 | D:2      | You fall into a shaft and drop 2 floors!
  1111 | D:4      | Reached XP level 3. HP: 25/28 MP: 2/2
  1419 | D:4      | Reached XP level 4. HP: 41/41 MP: 3/3
  1612 | D:3      | Noticed Jessica
  1619 | D:3      | Killed Jessica
  1619 | D:3      | Reached ** piety under Trog
  1655 | D:3      | Reached XP level 5. HP: 41/47 MP: 4/4
  1851 | D:3      | Noticed Sigmund
  1857 | D:3      | Killed Sigmund
  1858 | D:3      | Reached skill level 5 in Fighting
  1858 | D:3      | Reached skill level 5 in Axes
  1858 | D:3      | Reached XP level 6. HP: 56/56 MP: 5/5
  2841 | D:3      | Found Loac's Weapon Shop.
  3205 | D:4      | Reached *** piety under Trog
  3206 | D:4      | Reached skill level 5 in Armour
  3215 | D:4      | Reached XP level 7. HP: 43/61 MP: 6/6
  3311 | D:4      | Found a staircase to the Ecumenical Temple.
  3638 | D:4      | Noticed Dowan
  3638 | D:4      | Noticed Duvessa
  3645 | D:4      | Killed Duvessa
  3650 | D:4      | Killed Dowan
  3651 | D:4      | Reached skill level 5 in Dodging
  4079 | D:4      | Found a staircase to the Ecumenical Temple.
  4546 | D:5      | Entered Level 5 of the Dungeon
  5167 | D:5      | Found an opulent altar of Gozag.
  5638 | D:6      | Noticed Pikel
  5655 | D:6      | Killed Pikel
  5656 | D:6      | Reached XP level 8. HP: 20/73 MP: 7/7
  6368 | D:7      | Reached XP level 9. HP: 78/81 MP: 8/8
  6465 | D:7      | Reached **** piety under Trog
  6607 | D:7      | Found a basalt altar of Yredelemnul.
  6607 | D:7      | Found a stormy altar of Qazlal.
  6607 | D:7      | Found a shimmering altar of Xom.
  6607 | D:7      | Found a shimmering blue altar of Sif Muna.
  6717 | D:7      | Found a shadowy altar of Dithmenos.
  6787 | D:7      | Found an iron altar of Okawaru.
  7292 | D:8      | Found an ornate altar of the Wu Jian Council.
  7496 | D:8      | Noticed Erica
  7522 | D:8      | Demolished by Erica

Illustrated notes

Levels and vault maps discovered:
D:1:      dpeg_arrival_houses_and_road, layout_loops_corners,
          ebering_ecumenical_altar_box
D:2:      minmay_angry_zag, layout_loops_ring
D:3:      layout_basic, serial_shops, nicolae_shop_bloodbath_and_beyond,
          uniq_sigmund, uniq_jessica
D:4:      layout_cave_pods, minmay_temple_entry_butterflies, uniq_duvessa
D:5:      layout_loops_corners, mainiacjoe_overflow_surrounded_room,
          grunt_decor_one_mirror
D:6:      layout_basic, uniq_pikel
D:7:      layout_loops_cross, okawaru_trees_1,
          nicolae_dithmenos_through_a_glass_darkly,
          grunt_temple_overflow_cloverleaf
D:8:      layout_gridville, pdpol_wu_jian_five_deadly_venoms,
          david_lair_generic, uniq_erica, uniq_psyche, uniq_prince_ribbit1

Skill      XL: |  1  2  3  4  5  6  7  8  9 |
---------------+----------------------------+-----
Axes           | 4 5 7 9 |  9.0
Fighting       | 4 5 7 9 |  9.0
Armour         | 3 4 5 6 7 8 |  8.7
Dodging        | 3 4 6 7 |  7.9

Action                   |  1- 3 |  4- 6 |  7- 9 || total
-------------------------+-------+-------+-------++-------
Melee: Hand axe          |    74 |    27 |       ||   101
       Headbutt          |    10 |    18 |    40 ||    68
       Punch             |     1 |     2 |     2 ||     5
       War axe           |       |    85 |   233 ||   318
Throw: Dart              |    14 |       |       ||    14
Invok: Berserk           |     1 |     2 |     6 ||     9
 Stab: Distracted        |       |     1 |       ||     1
Armor: Animal skin       |    11 |       |       ||    11
       Ring mail         |     7 |    31 |     6 ||    44
       Chain mail        |       |       |   101 ||   101
Dodge: Dodged            |    53 |    89 |   125 ||   267
Block: Other             |       |       |    43 ||    43
       Reflection        |       |       |     1 ||     1
